 Dungeon Crawl Stone Soup version 0.22.1-1-ga44c0e56f4 (webtiles) character file.

102 kit10 the Covered (level 4, -5/29 HPs)
             Began as a Gargoyle Fighter on Nov 10, 2018.
             Was an Initiate of Makhleb.
             Slain by a two-headed ogre
             ... wielding a +0 giant spiked club
             ... created by the fury of Okawaru
              (6 damage)
             ... on level 3 of the Dungeon.
             The game lasted 00:10:36 (2029 turns).

kit10 the Covered (Gargoyle Fighter)                Turns: 2029, Time: 00:10:38

Health: -5/29      AC: 13    Str: 21    XL:     4   Next: 78%
Magic:  4/4        EV:  5    Int:  8    God:    Makhleb [......]
Gold:   118        SH:  9    Dex:  9    Spells: 3/3 levels left

rFire    . . .     SeeInvis .   a - +0 flail
rCold    . . .     Gourm    .   c - +0 shield
rNeg     + . .     Faith    .   n - +0 chain mail
rPois    ∞         Spirit   .   (no helmet)
rElec    +         Reflect  .   (no cloak)
rCorr    .         Harm     .   (no gloves)
MR       .....                  (no boots)
Stlth    ..........             (no amulet)
HPRegen  0.09/turn              (no ring)
MPRegen  0.09/turn              (no ring)

@: no status effects
A: negative energy resistance 1, electricity resistance, unbreathing,
petrification resistance, rot immunity, AC +3
a: Renounce Religion


You were on level 3 of the Dungeon.
You worshipped Makhleb.
Makhleb was noncommittal.
You were not hungry.

You visited 1 branch of the dungeon, and saw 3 of its levels.

You collected 118 gold pieces.

Inventory:

Hand Weapons
 a - a +0 flail (weapon)
Missiles
 p - 14 poisoned needles
Armour
 b - a +0 scale mail
 c - a +0 shield (worn)
 j - a +0 ring mail
 n - a +0 chain mail (worn)
 q - a +0 buckler
Jewellery
 o - an uncursed amulet of guardian spirit {unknown}
Wands
 s - a wand of acid (7)
Scrolls
 h - a scroll of noise {unknown}
 i - a scroll of blinking {unknown}
 k - 4 scrolls of teleportation {unknown}
 l - a scroll of amnesia {unknown}
 r - a scroll of random uselessness {unknown}
 u - 2 scrolls of identify {unknown}
Potions
 d - a potion of might
 e - 2 potions of curing {unknown}
 g - a potion of heal wounds {unknown}
 m - 3 potions of agility {unknown}
 t - 2 potions of lignification {unknown}
 v - a potion of degeneration {unknown}
Comestibles
 f - 7 rations


   Skills:
 + Level 3.8 Fighting
 + Level 2.7 Maces & Flails
 + Level 4.2 Armour
 + Level 0.7 Dodging
 + Level 4.1 Shields


You had 3 spell levels left.
You didn't know any spells.
Your spell library was empty.

Dungeon Overview and Level Annotations

Branches:
Dungeon (3/15)

Altars:
Makhleb
Okawaru
Sif Muna
Trog
Zin


Innate Abilities, Weirdness & Mutations

You are resistant to torment.
Your stone body is resilient. (AC +3)
You are immune to poison.
You resist negative energy. (rN+)
You are resistant to electric shocks. (rElec)
You can survive without breathing.
You are immune to petrification.
You are immune to rotting.


Message History

The frilled lizard unfolds its giant frill.
Found 13 bolts.
You closely miss the frilled lizard. You block the frilled lizard's attack.
The frilled lizard bites you but does no damage.
Found a robe.
You see here a robe.
You see here 13 bolts.
An orc comes into view. It is wielding a club.
An adder and a worm come into view.
The adder hisses angrily.
You closely miss the adder. The two-headed ogre barely misses you.
The two-headed ogre hits you with a giant spiked club!
The adder barely misses you.
Your shield and chain mail prevent you from hitting the adder.
The adder barely misses you.
The two-headed ogre hits you with a giant spiked club!
Ouch! That really hurt!
* * * LOW HITPOINT WARNING * * *
The two-headed ogre hits you with a giant spiked club.
You die...

#.# ..#.# #.# ..#.# # ..
#.# .... .. ...###
#.#####.#
#w......##.......# #
#........(l.[....#.####
##.......#.#.####.#.)...
......####.#.Ol.l.......
.....oS@Ol.######$######
.##...###### #.######
##. #...O..# # ######.#
#.# #.# #.# ############
#.# ...........###.#


You could see a two-headed ogre, a worm, an adder, an orc and a frilled lizard.

Vanquished Creatures
  Terence (D:3)
  2 adders
  A worm (D:2)
  2 dart slugs (D:1)
  A leopard gecko (D:1)
  An orc (D:3)
  A ball python (D:1)
  3 goblins
  9 hobgoblins
  7 jackals
  A quokka (D:2)
  2 bats (D:1)
  2 frilled lizards
  8 kobolds
  8 rats
49 creatures vanquished.

Vanquished Creatures (others)
  A rat (D:3)
1 creature vanquished.

Grand Total: 50 creatures vanquished

Notes
Turn   | Place    | Note
-------+----------+-------------------------------------------
     0 | D:1      | kit10 the Gargoyle Fighter began the quest for the Orb.
     0 | D:1      | Reached XP level 1. HP: 14/14 MP: 1/1
    43 | D:1      | Reached XP level 2. HP: 16/19 MP: 2/2
   428 | D:1      | Reached XP level 3. HP: 24/24 MP: 3/3
  1484 | D:2      | Reached XP level 4. HP: 29/29 MP: 4/4
  1542 | D:2      | Found a faded altar of an unknown god.
  1545 | D:2      | Became a worshipper of Warmaster Okawaru
  1545 | D:2      | Reached * piety under Okawaru
  1745 | D:2      | Found a deep blue altar of Sif Muna.
  1815 | D:2      | Found an iron altar of Okawaru.
  1815 | D:2      | Found a glowing silver altar of Zin.
  1816 | D:2      | Found a bloodstained altar of Trog.
  1825 | D:2      | Found a burning altar of Makhleb.
  1849 | D:2      | Fell from the grace of Okawaru
  1849 | D:2      | Became a worshipper of Makhleb the Destroyer
  1909 | D:3      | Noticed Terence
  1935 | D:3      | Killed Terence
  2002 | D:3      | Noticed a two-headed ogre
  2029 | D:3      | HP: 1/29 [two-headed ogre/giant spiked club[the fury of
                  | Okawaru] (16)]
  2029 | D:3      | Slain by a two-headed ogre

Skill      XL: |  1  2  3  4 |
---------------+-------------+-----
Armour         | 4 |  4.2
Shields        | 4 |  4.1
Fighting       | |  3.8
Maces & Flails | |  2.7
Dodging        | |  0.7

Action                   |  1- 3 |  4- 6 || total
-------------------------+-------+-------++-------
Melee: Flail             |   157 |    58 ||   215
  Eat: Chunk             |     1 |     3 ||     4
Armor: Scale mail        |    59 |       ||    59
       Chain mail        |    31 |    28 ||    59
Dodge: Dodged            |    44 |    21 ||    65
Block: Shield            |    89 |    35 ||   124
